 Dungeon Crawl Stone Soup version 0.16-a0-3265-g401194c (webtiles) character file.

100 Minkie the Sneak (level 4, 0/33 HPs)
             Began as a Draconian Enchanter on Dec 23, 2014.
             Was an Initiate of Dithmenos.
             Killed from afar by an orc wizard (6 damage)
             ... with a magic dart
             ... on level 3 of the Dungeon.
             The game lasted 00:05:10 (1555 turns).

Minkie the Sneak (Draconian Enchanter)              Turns: 1555, Time: 00:05:11

Health: 0/33       AC:  5    Str: 10    XL:     4   Next: 46%
Magic:  0/7        EV: 12    Int: 16    God:    Dithmenos [......]
Gold:   53         SH:  0    Dex: 12    Spells: 2 memorised, 4 levels left

rFire  . . .     SeeInvis .     p - -2 dagger (curse)
rCold  . . .     Clarity  .     (armour unavailable)
rNeg   . . .     SustAb   .     (no shield)
rPois  .         Gourm    .     (helmet restricted)
rElec  .         Spirit   .     (no cloak)
rCorr  .         Warding  .     (no gloves)
rMut   .         Stasis   .     (no boots)
MR     .....                    (no amulet)
Stlth  ++........               (no ring)
                                (no ring)

@: not resistant to hostile enchantments, unstealthy
A: unfitting armour, cold-blooded, AC +5
a: Renounce Religion


You were on level 3 of the Dungeon.
You worshipped Dithmenos.
Dithmenos was noncommittal.
You were hungry.

You visited 1 branch of the dungeon, and saw 3 of its levels.

You collected 53 gold pieces.

Inventory:

Hand weapons
 a - a +1 dagger
 p - a cursed -2 dagger (weapon)
Scrolls
 b - 3 scrolls of identify {unknown}
 e - a scroll of fog {unknown}
 f - 3 scrolls of remove curse {unknown}
 h - a scroll of amnesia {unknown}
 j - a scroll of random uselessness {unknown}
 n - 2 scrolls of enchant armour {unknown}
Potions
 k - a potion of restore abilities {unknown}
 l - a potion of curing {unknown}
 m - a potion of resistance {unknown}
 o - a potion of degeneration {unknown}
Books
 c - a book of Maledictions

   Spells                             Type                      Level
   a - Corona                         Hexes                        1
   b - Sure Blade                     Hexes/Charms                 2
   c - Ensorcelled Hibernation        Hexes/Ice                    2
   d - Confuse                        Hexes                        3
   e - Dazzling Spray                 Conjuration/Hexes            3
   f - Enslavement                    Hexes                        4
Comestibles
 d - 2 bread rations
 g - a meat ration
 i - a slice of pizza


   Skills:
 + Level 2.5 Short Blades
 - Level 1.7 Dodging
 + Level 3.6 Stealth
 - Level 2.0 Spellcasting
 + Level 3.6 Hexes


You had 4 spell levels left.
You knew the following spells:

 Your Spells              Type           Power        Failure   Level  Hunger
a - Corona                Hex            ##.....      6%          1    #......
b - Ensorcelled Hibernat  Hex/Ice        #.....       17%         2    ###....


Dungeon Overview and Level Annotations

Branches:
Dungeon (3/15)

Altars:
Cheibriados
Dithmenos
Gozag


Innate Abilities, Weirdness & Mutations

Your plain brown scales are hard (AC +5).
Your body does not fit into most forms of armour.
Your cold-blooded metabolism reacts poorly to cold.


Message History

Aiming: Ensorcelled Hibernation
Press: ? - help, Shift-Dir - straight line, f/p - orc wizard
Aim: an orc wizard, wielding a club and wearing a robe (fast, chance 38%)
The orc wizard resists with some effort.
The orc wizard hits you with a club. The orc barely misses you.
The orc wizard hits you with a club.
You hit the orc wizard but do no damage.
The orc wizard barely misses you. The orc hits you with a whip.
* * * LOW HITPOINT WARNING * * *
You hit the orc wizard but do no damage.
Your tail-slap misses the orc wizard.
The orc wizard points at you and mumbles some strange words.
You resist with some effort.
You hit the orc wizard.
You tail-slap the orc wizard, but do no damage.
The orc wizard is lightly wounded.
The orc hits you but does no damage.
The orc wizard points at you and mumbles some strange words.
The magic dart hits you!
You die...

#.# ##.## #...#
###...###
#######.......#
#.............#
#.#####.......#
###o..###..
#.@o.......#
#.#....>..#
.########[#.#######
..........#.#
###########.# #..
###


You could see an orc wizard and an orc.

Vanquished Creatures
  An orc priest (D:3)
  An orc wizard (D:3)
  3 adders
  7 bats
  2 giant cockroaches (D:1)
  2 hobgoblins (D:1)
  A giant gecko (D:1)
  3 giant newts
  A goblin (D:3)
  2 kobolds (D:1)
  5 rats
28 creatures vanquished.

Notes
Turn   | Place    | Note
--------------------------------------------------------------
     0 | D:1      | Minkie, the Draconian Enchanter, began the quest for the Orb.
     0 | D:1      | Reached XP level 1. HP: 14/14 MP: 3/3
     0 | D:1      | Noticed a dwarf
     3 | D:1      | Noticed an ogre
     3 | D:1      | Noticed a draconian
     5 | D:1      | Noticed an ogre
     6 | D:1      | Noticed an elf
     8 | D:1      | Noticed an elf
    10 | D:1      | Noticed a minotaur
    12 | D:1      | Noticed a human
    12 | D:1      | Noticed a vampire
    14 | D:1      | Noticed an elf
    14 | D:1      | Noticed a dwarf
    16 | D:1      | Noticed a dwarf
    16 | D:1      | Noticed a draconian
    18 | D:1      | Noticed an elf
    18 | D:1      | Noticed an ogre
    19 | D:1      | Noticed a naga
   343 | D:1      | Reached skill level 3 in Hexes
   343 | D:1      | Reached XP level 2. HP: 20/20 MP: 4/4
   368 | D:1      | Learned a level 2 spell: Ensorcelled Hibernation
  1066 | D:2      | Found a snail-covered altar of Cheibriados.
  1166 | D:2      | Found a shadowy altar of Dithmenos.
  1205 | D:2      | Became a worshipper of Dithmenos the Shadowed
  1214 | D:2      | Found an opulent altar of Gozag.
  1219 | D:2      | Reached XP level 3. HP: 26/26 MP: 6/6
  1406 | D:2      | You fall through a shaft!
  1485 | D:3      | Reached XP level 4. HP: 21/33 MP: 2/7
  1555 | D:3      | Killed from afar by an orc wizard

Action                   |  1- 3 |  4- 6 || total
-------------------------+-------+-------++-------
Melee: Dagger            |    95 |    15 ||   110
 Cast: Ensorcelled Hiber |     3 |     4 ||     7
 Stab: Sleeping          |     5 |     1 ||     6
  Eat: Chunk             |     1 |     1 ||     2
